 Seeded DCSS version 0.25.1-2-g60ff931df9 (webtiles) character file.

Game seed: 1568254418212900138 (custom seed)

91 sahdkjhfkaj the Shooter (level 4, 37/37 HPs)
             Began as a Centaur Hunter on Nov 18, 2020.
             Was an Initiate of Okawaru.
             Quit the game on level 2 of the Dungeon.
             The game lasted 00:01:33 (1907 turns).

sahdkjhfkaj the Shooter (Centaur Hunter)            Turns: 1907, Time: 00:01:34

Health: 37/37      AC:  4    Str: 15    XL:     4   Next: 33%
Magic:  4/4        EV:  9    Int: 10    God:    Okawaru [......]
Gold:   62         SH:  0    Dex: 10    Spells: 3/3 levels left

rFire    . . .     SeeInvis .   a - +1 shortbow
rCold    . . .     Gourm    .   (shield currently unavailable)
rNeg     . . .     Faith    .   c - +0 leather armour
rPois    .         Spirit   .   (no helmet)
rElec    .         Reflect  .   (no cloak)
rCorr    .         Harm     .   (no gloves)
MR       .....                  (no barding)
Stlth    +.........             (no amulet)
HPRegen  0.12/turn              (no ring)
MPRegen  0.09/turn              (no ring)

@: very quick
A: large, hooves 3, deformed body, speed 2, tough skin 3
a: Renounce Religion


You were on level 2 of the Dungeon.
You worshipped Okawaru.
Okawaru was noncommittal.
You were hungry.

You visited 1 branch of the dungeon, and saw 2 of its levels.

You collected 62 gold pieces.

Inventory:

Hand Weapons
 a - a +1 shortbow (weapon)
 b - a +0 short sword
Missiles
 d - 19 arrows (quivered)
Armour
 c - a +0 leather armour (worn)
Scrolls
 e - a scroll of blinking {unknown}
 g - a scroll of amnesia {unknown}
 i - a scroll of fog {unknown}
 l - 2 scrolls of identify {unknown}
Potions
 j - a potion of haste {unknown}
 k - a potion of experience {unknown}
Comestibles
 f - 5 rations


   Skills:
 - Level 2.4 Fighting
 + Level 6.9 Bows
 - Level 1.8 Dodging
 - Level 1.0 Stealth


You had 3 spell levels left.
You didn't know any spells.
Your spell library was empty.

Dungeon Overview and Level Annotations

Branches:
Dungeon (2/15)

Altars:
Okawaru


Innate Abilities, Weirdness & Mutations

You have hooves in place of feet.
Armour fits poorly on your strangely shaped body.
You cover ground very quickly.
You have extremely tough skin. (AC +3)


Message History

You now have 62 gold pieces (gained 9).
As you open the door, it creaks loudly!
There is an open door here.
Done exploring.
Done exploring.
Done exploring.
Done exploring.
Done exploring.
Key pressed, stopping explore.
Done exploring.
No target in view!
No target in view!
No target in view!
No target in view!
No target in view!
No target in view!
Done exploring.
There is a stone staircase leading down here.
Okay, then.
Are you sure you want to abandon this character and quit the game? (Confirm with "yes".)

#..................+...........
#.#...###..........####..รท#####
#.##.## #.#.......## ##..# #
#.##.####.##.....## ##.# #
#.........###...## #.# #
####.###### ##'######## #.# #.#
#........# #.# ####.####
#..#####.###.# #.......#
##@...........# #.##.##.#
##...#.##..##### #.##.##.#
#......##..#
#.##.##.#####...#.##..#
#.##..................#
#.#####.######..####.##
#.#####.# #..# #.# #.....).#
#..####.# #######.#### #.......#


There were no monsters in sight!

Vanquished Creatures
  A crimson imp (D:2)
  2 adders (D:2)
  2 worms (D:2)
  A dart slug (D:2)
  A ball python (D:1)
  2 giant cockroaches (D:2)
  A goblin (D:2)
  7 hobgoblins
  6 kobolds
  3 bats (D:1)
  A frilled lizard (D:2)
  A rat (D:2)
28 creatures vanquished.

Notes
Turn   | Place    | Note
-------+----------+-------------------------------------------
     0 | D:1      | sahdkjhfkaj the Centaur Hunter began the quest for the Orb.
     0 | D:1      | Reached XP level 1. HP: 17/17 MP: 1/1
   290 | D:1      | Found an iron altar of Okawaru.
   302 | D:1      | Became a worshipper of Warmaster Okawaru
   304 | D:1      | Reached XP level 2. HP: 23/24 MP: 2/2
  1071 | D:2      | Noticed a crimson imp
  1081 | D:2      | Reached skill level 1 in Stealth
  1081 | D:2      | Reached XP level 3. HP: 23/30 MP: 3/3
  1098 | D:2      | Reached skill level 6 in Bows
  1261 | D:2      | Reached XP level 4. HP: 37/37 MP: 4/4
  1262 | D:2      | Found a faded altar of an unknown god.
  1907 | D:2      | Quit the game

Illustrated notes

Levels and vault maps discovered:
D:1:      dpeg_arrival_orchard, layout_basic, okawaru_ov_weapons_minmay
D:2:      layout_loops_corners, first_ration, chequers_ecumenical_altar_simple

Skill      XL: |  1  2  3 |
---------------+----------+-----
Stealth        | 1 |  1.0
Bows           | 6 |  6.9
Fighting       | |  2.4
Dodging        | |  1.8

Action                   |  1- 3 |  4- 6 || total
-------------------------+-------+-------++-------
 Fire: Shortbow          |    94 |    38 ||   132
  Eat: Chunk             |       |     1 ||     1
Armor: Leather armour    |    12 |     3 ||    15
Dodge: Dodged            |    25 |     8 ||    33
